[ AOE2 MATCH · #478626365 ]
UnrankedKoreans vs Shu
Player's team · WIN
Rival team · LOSS
[ REPLAY ANALYSIS · EXTRACTED FROM THE RECORDED GAME ]
Feudal
12:26
Castle
16:32
Imperial
—
| APM avg | 55.4 |
| APM peak | 100 |
| eAPM avg | 19.3 |
| Villagers / military | 33 / 20 |
Focus
⚔️ 31.0% · 🌾 69.0%
War Wagon ×18 · Fishing Ship ×5 · Monk ×2
Feudal
12:51
Castle
17:39
Imperial
—
| APM avg | 31.9 |
| APM peak | 84 |
| eAPM avg | 14.2 |
| Villagers / military | 41 / 5 |
Focus
⚔️ 38.0% · 🌾 62.0%
Fishing Ship ×8 · Mangonel ×3 · Galley ×2
Match map
Initial resources + every placement click. Lines = walls · curves = elevation contours. ◆ gold · ⬟ stone · ● berries · ✦ relic · ◌ wall gap
Your base· Open — 4t gap
[GDL] El Pinguino's base· Open — 11t gap
Smoothed initial terrain · ◌ = detected wall gap · hover for details
Inputs per minute
— Konstantín Rokossovski - - [GDL] El Pinguino
Build order — Konstantín Rokossovski
98 actions detected in the replay
| 0:03 | Build | Town Center |
| 0:55 | Build | Dock |
| 1:07 | Build | House |
| 2:12 | Create | Villager (Male) |
| 2:13 | Create | Villager (Male) |
| 2:13 | Create | Villager (Male) |
| 3:00 | Create | Villager (Male) |
| 3:17 | Create | Fishing Ship |
| 3:50 | Build | House |
| 3:54 | Create | Villager (Male) |
| 4:27 | Create | Villager (Male) |
| 4:50 | Create | Fishing Ship |
| 4:57 | Create | Villager (Male) |
| 5:15 | Create | Fishing Ship |
| 5:29 | Create | Villager (Male) |
| 5:57 | Create | Villager (Male) |
| 6:14 | Create | Villager (Male) |
| 6:17 | Create | Fishing Ship |
| 6:17 | Create | Fishing Ship |
| 6:23 | Build | House |
| 6:52 | Create | Villager (Male) |
| 6:52 | Create | Villager (Male) |
| 7:26 | Create | Villager (Male) |
| 7:27 | Create | Villager (Male) |
| 8:06 | Build | House |
| 8:22 | Build | Mill |
| 8:31 | Create | Villager (Male) |
| 8:50 | Create | Villager (Male) |
| 9:29 | Create | Villager (Male) |
| 9:45 | Build | Mining Camp |
| 9:52 | Build | House |
| 10:16 | Research | Feudal Age |
| 10:25 | Build | Mill |
| 10:32 | Create | Villager (Male) |
| 10:33 | Create | Villager (Male) |
| 10:44 | Build | Mining Camp |
| 12:26 | Age | Feudal Age |
| 12:30 | Build | Blacksmith |
| 12:35 | Build | Market |
| 13:12 | Create | Villager (Male) |
| 13:21 | Build | Blacksmith |
| 13:52 | Research | Castle Age |
| 14:03 | Build | Outpost |
| 14:27 | Research | Loom |
| 14:43 | Build | House |
| 16:32 | Age | Castle Age |
| 16:36 | Build | Castle |
| 16:59 | Create | Villager (Male) |
| 16:59 | Create | Villager (Male) |
| 17:00 | Create | Villager (Male) |
| 17:10 | Build | Mining Camp |
| 17:36 | Create | War Wagon |
| 17:36 | Create | War Wagon |
| 17:48 | Build | Outpost |
| 18:00 | Create | Villager (Male) |
| 18:01 | Create | Villager (Male) |
| 18:19 | Research | Fletching |
| 18:26 | Create | War Wagon |
| 18:48 | Build | Outpost |
| 19:19 | Create | Villager (Male) |
| 19:19 | Create | Villager (Male) |
| 19:23 | Create | Villager (Male) |
| 19:29 | Build | Monastery |
| 19:40 | Create | War Wagon |
| 19:51 | Create | Villager (Male) |
| 20:06 | Create | War Wagon |
| 20:06 | Create | War Wagon |
| 20:12 | Create | Monk |
| 20:12 | Create | Monk |
| 20:21 | Build | House |
| 20:49 | Create | War Wagon |
| 20:49 | Create | War Wagon |
| 20:50 | Create | War Wagon |
| 20:56 | Create | Villager (Male) |
| 21:37 | Create | Villager (Male) |
| 21:38 | Create | Villager (Male) |
| 21:44 | Create | War Wagon |
| 21:45 | Create | War Wagon |
| 21:45 | Create | War Wagon |
| 22:17 | Build | Farm |
| 22:18 | Build | Farm |
| 22:18 | Build | Farm |
| 22:18 | Build | Farm |
| 22:38 | Build | House |
| 22:47 | Research | Bodkin Arrow |
| 23:12 | Create | War Wagon |
| 23:16 | Create | Villager (Male) |
| 23:19 | Build | Farm |
| 23:19 | Build | Farm |
| 23:19 | Build | Farm |
| 23:35 | Create | War Wagon |
| 23:36 | Create | War Wagon |
| 25:21 | Build | House |
| 25:30 | Build | Castle |
| 25:33 | Create | War Wagon |
| 25:34 | Create | War Wagon |
| 25:34 | Create | War Wagon |
| 25:52 | Build | Castle |
Build order — [GDL] El Pinguino
83 actions detected in the replay
| 0:02 | Build | Town Center |
| 0:51 | Build | Dock |
| 0:54 | Build | House |
| 2:13 | Create | Villager (Male) |
| 2:13 | Create | Villager (Male) |
| 2:21 | Create | Villager (Male) |
| 2:22 | Create | Villager (Male) |
| 3:05 | Build | House |
| 3:39 | Create | Fishing Ship |
| 4:00 | Research | Loom |
| 4:13 | Create | Villager (Male) |
| 4:43 | Create | Villager (Male) |
| 4:58 | Create | Villager (Male) |
| 5:14 | Create | Villager (Male) |
| 5:16 | Create | Fishing Ship |
| 5:39 | Create | Villager (Male) |
| 5:56 | Create | Fishing Ship |
| 6:11 | Build | House |
| 6:17 | Build | House |
| 6:19 | Create | Villager (Male) |
| 6:53 | Build | House |
| 6:54 | Create | Fishing Ship |
| 6:55 | Create | Villager (Male) |
| 6:59 | Create | Villager (Male) |
| 7:02 | Build | House |
| 7:22 | Create | Villager (Male) |
| 7:48 | Create | Villager (Male) |
| 7:49 | Create | Fishing Ship |
| 8:25 | Build | Dock |
| 8:27 | Create | Villager (Male) |
| 8:47 | Create | Villager (Male) |
| 8:56 | Create | Villager (Male) |
| 9:06 | Create | Fishing Ship |
| 9:26 | Build | House |
| 10:12 | Build | Lumber Camp |
| 10:16 | Create | Villager (Male) |
| 10:37 | Research | Feudal Age |
| 10:58 | Build | Mining Camp |
| 11:11 | Build | House |
| 11:48 | Build | House |
| 11:51 | Create | Fishing Ship |
| 11:51 | Create | Fishing Ship |
| 12:34 | Build | House |
| 12:47 | Create | Villager (Male) |
| 12:51 | Age | Feudal Age |
| 13:01 | Build | Blacksmith |
| 13:11 | Build | Mill |
| 13:12 | Create | Villager (Male) |
| 13:56 | Create | Villager (Male) |
| 14:06 | Build | Market |
| 14:13 | Create | Villager (Male) |
| 14:43 | Build | Mining Camp |
| 14:59 | Research | Castle Age |
| 15:20 | Build | Outpost |
| 15:41 | Research | Double-Bit Axe |
| 15:45 | Build | Palisade Wall |
| 15:53 | Build | Palisade Wall |
| 16:14 | Create | Galley |
| 16:15 | Create | Galley |
| 16:21 | Create | Villager (Male) |
| 17:39 | Age | Castle Age |
| 17:52 | Build | Castle |
| 18:11 | Create | Villager (Male) |
| 18:46 | Build | Siege Workshop |
| 19:14 | Create | Mangonel |
| 20:13 | Build | Town Center |
| 20:15 | Create | Villager (Male) |
| 20:15 | Create | Villager (Male) |
| 20:59 | Create | Villager (Male) |
| 20:59 | Create | Villager (Male) |
| 21:08 | Create | Mangonel |
| 21:24 | Create | Villager (Male) |
| 21:50 | Create | Mangonel |
| 22:15 | Create | Villager (Male) |
| 22:15 | Create | Villager (Male) |
| 23:10 | Create | Villager (Male) ×5 |
| 23:27 | Build | Town Center |
| 23:29 | Create | Villager (Male) |
| 23:44 | Build | House |
| 23:48 | Create | Villager (Male) |
| 24:07 | Create | Villager (Male) |
| 24:07 | Create | Villager (Male) |
| 24:14 | Create | Villager (Male) |
Match timeline
| 0:51 | [GDL] El Pinguino · first_building Dock |
| 0:55 | Konstantín Rokossovski · first_building Dock |
| 12:26 | Konstantín Rokossovski · age_up feudal |
| 12:51 | [GDL] El Pinguino · age_up feudal |
| 15:45 | [GDL] El Pinguino · wall_segment Palisade Wall x1 |
| 15:53 | [GDL] El Pinguino · wall_segment Palisade Wall x12 |
| 16:32 | Konstantín Rokossovski · age_up castle |
| 16:36 | Konstantín Rokossovski · first_building Castle |
| 17:39 | [GDL] El Pinguino · age_up castle |
| 17:52 | [GDL] El Pinguino · first_building Castle |
| 18:46 | [GDL] El Pinguino · first_building Siege Workshop |
| 19:29 | Konstantín Rokossovski · first_building Monastery |
| 20:01 | [GDL] El Pinguino · first_market_sell 100 food |
| 20:02 | [GDL] El Pinguino · first_market_buy 100 stone |
| 20:05 | Konstantín Rokossovski · first_market_buy 100 wood |
| 25:58 | [GDL] El Pinguino · resign |
[ AI ANALYSIS · 1 CREDIT ]
What really happened in this match?
Wolo.gg analyzes every decision: build order, eco, micro, common mistakes by bracket. Personalized analysis on WhatsApp or Discord in 30 seconds.
Civ guide
Koreans
Perfil
Jugador #4210121